AA
OKLAHOMA CITY 89'ERS @ FORT LEE GENERALS
09/14/2059
 
TOP OF THE 1ST
Oklahoma City 89'ers batting - Pitching for Fort Lee Generals : LHP Donovan Jansson
Pitching: LHP Donovan Jansson
Batting: LHB Neal McDonald 0-0: Called Strike
0-1: Ball
1-1: Ball
2-1: Ball
3-1: Base on Balls
Batting: RHB Roger D'Andrea 0-0: Ball
1-0: Fielders Choice at 2nd, 5-4 (Groundball, 56, EV 98.8 MPH)
Batting: RHB Kyle Bruns 0-0: Ball
1-0: Ball
2-0: Swinging Strike
2-1: Foul Ball, location: 2F
2-2: Foul Ball, location: 2F
2-2: Ball
3-2: Strikes out swinging
Batting: RHB Quinn Holloway 0-0: Called Strike
0-1: Foul Ball, location: 2F
0-2: Strikes out swinging
Top of the 1st over - 0 runs, 0 hits, 0 errors, 1 left on base; Oklahoma City 0 - Fort Lee 0
BOTTOM OF THE 1ST
Fort Lee Generals batting - Pitching for Oklahoma City 89'ers : RHP Dan Huckeba
Pitching: RHP Dan Huckeba
Batting: RHB Karson Gibson 0-0: Ball
1-0: SINGLE (Groundball, 56, EV 101.9 MPH) (infield hit)
Batting: LHB Bryant Goody 0-0: Ball
1-0: Ball
Wild Pitch!
Karson Gibson to second
2-0: Foul Ball, location: 2F
2-1: Foul Ball, location: 2F
2-2: SINGLE (Groundball, 56S, EV 63.1 MPH) (infield hit)
Karson Gibson to third
Batting: RHB Trevon Nixon 0-0: Called Strike
0-1: Called Strike
0-2: Ball
1-2: Grounds into double play, 6-4-3 (Groundball, 56, EV 79.4 MPH)
Karson Gibson scores
Batting: RHB Zane Poe 0-0: Foul Ball, location: 2F
0-1: Ball
1-1: Called Strike
1-2: Foul Ball, location: 2F
1-2: Strikes out swinging
Bottom of the 1st over - 1 run, 2 hits, 0 errors, 0 left on base; Oklahoma City 0 - Fort Lee 1
TOP OF THE 2ND
Oklahoma City 89'ers batting - Pitching for Fort Lee Generals : LHP Donovan Jansson
Batting: SHB Stuart Owens 0-0: Ball
1-0: SINGLE (Groundball, 56D, EV 101.9 MPH)
Batting: LHB Alvan Goldsmith 0-0: Ball
1-0: Ball
2-0: Called Strike
2-1: DOUBLE (Flyball, 89D, EV 110.6 MPH)
Stuart Owens to third
Batting: LHB Ozzie Young 0-0: Ball
1-0: Ball
2-0: Ball
3-0: Called Strike
3-1: Called Strike
3-2: Foul Ball, location: 2F
3-2: Strikes out swinging
Batting: RHB Uriel Guadagnino 0-0: Called Strike
0-1: Foul Ball, location: 2F
0-2: Fly out, F7 (Flyball, 7LS, EV 88.8 MPH)
Batting: LHB Eaton Duda 0-0: Ball
1-0: Fly out, F9 (Flyball, 9, EV 87.5 MPH)
Top of the 2nd over - 0 runs, 2 hits, 0 errors, 2 left on base; Oklahoma City 0 - Fort Lee 1
BOTTOM OF THE 2ND
Fort Lee Generals batting - Pitching for Oklahoma City 89'ers : RHP Dan Huckeba
Batting: RHB Carleton Trew 0-0: Swinging Strike
0-1: SINGLE (Groundball, 6D, EV 101.9 MPH)
Batting: RHB Shawn Clark 0-0: Called Strike
0-1: Swinging Strike
0-2: SINGLE (Line Drive, 4D, EV 104.4 MPH)
Carleton Trew to second
Batting: RHB Armstrong Honda 0-0: Foul Ball, location: 2F
0-1: Fly out, F9 (Line Drive, 9D, EV 93.8 MPH)
Runner from 2nd tags up, SAFE at 3rd, no throw by RF
Batting: RHB Abel Kazaz 0-0: Swinging Strike
0-1: Ball
1-1: Swinging Strike
1-2: Ball
2-2: Strikes out swinging
Batting: LHB Rod Pamungkas 0-0: Ball
1-0: Foul Ball, location: 2F
1-1: Foul Ball, location: 2F
1-2: Foul Ball, location: 2F
1-2: Strikes out swinging
Bottom of the 2nd over - 0 runs, 2 hits, 0 errors, 2 left on base; Oklahoma City 0 - Fort Lee 1
TOP OF THE 3RD
Oklahoma City 89'ers batting - Pitching for Fort Lee Generals : LHP Donovan Jansson
Batting: LHB Neal McDonald 0-0: SINGLE (Line Drive, 78M, EV 108.8 MPH)
Batting: RHB Roger D'Andrea 0-0: Ball
Neal McDonald is caught stealing 2nd base 2-4
1-0: Fly out, F8 (Line Drive, 8RS, EV 93.1 MPH)
Batting: RHB Kyle Bruns 0-0: Ball
1-0: Ball
2-0: Ball
3-0: Foul Ball, location: 2F
3-1: Foul Ball, location: 2F
3-2: Fly out, F8 (Flyball, 8LXD, EV 103.8 MPH)
Top of the 3rd over - 0 runs, 1 hit, 0 errors, 0 left on base; Oklahoma City 0 - Fort Lee 1
BOTTOM OF THE 3RD
Fort Lee Generals batting - Pitching for Oklahoma City 89'ers : RHP Dan Huckeba
Batting: RHB Karson Gibson 0-0: Ground out 4-3 (Groundball, 4MD, EV 83.8 MPH)
Batting: LHB Bryant Goody 0-0: Ball
1-0: Called Strike
1-1: Fly out, F7 (Line Drive, 7, EV 96.9 MPH)
Batting: RHB Trevon Nixon 0-0: Swinging Strike
0-1: Ball
1-1: Ground out 1-3 (Groundball, P, EV 67.5 MPH)
Bottom of the 3rd over - 0 runs, 0 hits, 0 errors, 0 left on base; Oklahoma City 0 - Fort Lee 1
TOP OF THE 4TH
Oklahoma City 89'ers batting - Pitching for Fort Lee Generals : LHP Donovan Jansson
Batting: RHB Quinn Holloway 0-0: Called Strike
0-1: Ball
1-1: Called Strike
1-2: Ground out U3 (Groundball, 34, EV 97.5 MPH)
Batting: SHB Stuart Owens 0-0: Swinging Strike
0-1: Called Strike
0-2: Foul Ball, location: 2F
0-2: Foul Ball, location: 2F
0-2: Ball
1-2: Ball
2-2: Ball
3-2: Base on Balls
Batting: LHB Alvan Goldsmith 0-0: Ball
1-0: Foul Ball, location: 2F
1-1: Ball
2-1: Ball
3-1: Foul Ball, location: 2F
3-2: SINGLE (Groundball, 56D, EV 103.1 MPH)
Stuart Owens to second
Batting: LHB Ozzie Young 0-0: Foul Ball, location: 2F
0-1: Ball
1-1: Called Strike
1-2: Ball
2-2: Fly out, F8 (Flyball, 8LD, EV 109.4 MPH)
Runner from 2nd tags up, SAFE at 3rd with throw by CF
Batting: RHB Uriel Guadagnino 0-0: Ball
1-0: Foul Ball, location: 2F
1-1: Swinging Strike
1-2: Strikes out swinging
Top of the 4th over - 0 runs, 1 hit, 0 errors, 2 left on base; Oklahoma City 0 - Fort Lee 1
BOTTOM OF THE 4TH
Fort Lee Generals batting - Pitching for Oklahoma City 89'ers : RHP Dan Huckeba
Batting: RHB Zane Poe 0-0: Fly out, F7 (Flyball, 7S, EV 89.4 MPH)
Batting: RHB Carleton Trew 0-0: Ball
1-0: Ball
2-0: Fly out, F8 (Flyball, 8RM, EV 86.9 MPH)
Batting: RHB Shawn Clark 0-0: Foul Ball, location: 2F
0-1: Foul Ball, location: 2F
0-2: Ball
1-2: Ball
2-2: Fly out, F7 (Flyball, 78D, EV 80.6 MPH)
Bottom of the 4th over - 0 runs, 0 hits, 0 errors, 0 left on base; Oklahoma City 0 - Fort Lee 1
TOP OF THE 5TH
Oklahoma City 89'ers batting - Pitching for Fort Lee Generals : LHP Donovan Jansson
Batting: LHB Eaton Duda 0-0: Foul Ball, location: 2F
0-1: Ball
1-1: Ball
2-1: Ball
3-1: Ground out 1-4-3 (Groundball, 15S, EV 105.6 MPH)
Batting: LHB Neal McDonald 0-0: Foul Ball, location: 2F
0-1: Foul Ball, location: 2F
0-2: Ground out 6-3 (Groundball, 6M, EV 105.6 MPH)
Batting: RHB Roger D'Andrea 0-0: Ball
1-0: Swinging Strike
1-1: Ball
2-1: Swinging Strike
2-2: Strikes out swinging
Top of the 5th over - 0 runs, 0 hits, 0 errors, 0 left on base; Oklahoma City 0 - Fort Lee 1
BOTTOM OF THE 5TH
Fort Lee Generals batting - Pitching for Oklahoma City 89'ers : RHP Dan Huckeba
Batting: RHB Armstrong Honda 0-0: Swinging Strike
0-1: Swinging Strike
0-2: Ball
1-2: Fly out, F9 (Flyball, 9LD, EV 83.1 MPH)
Batting: RHB Abel Kazaz 0-0: Called Strike
0-1: Ground out U3 (Groundball, 13, EV 88.1 MPH)
Batting: LHB Rod Pamungkas 0-0: Called Strike
0-1: Foul Ball, location: 2F
0-2: Strikes out swinging
Bottom of the 5th over - 0 runs, 0 hits, 0 errors, 0 left on base; Oklahoma City 0 - Fort Lee 1
TOP OF THE 6TH
Oklahoma City 89'ers batting - Pitching for Fort Lee Generals : LHP Donovan Jansson
Batting: RHB Kyle Bruns 0-0: Ball
1-0: Fly out, F7 (Flyball, 7, EV 89.4 MPH)
Batting: RHB Quinn Holloway 0-0: Ball
1-0: Called Strike
1-1: Ball
2-1: Ball
3-1: Ground out 6-3 (Groundball, 6D, EV 100.6 MPH)
Batting: SHB Stuart Owens 0-0: Ball
1-0: Ball
2-0: DOUBLE (Line Drive, 78D, EV 106.9 MPH)
Batting: LHB Alvan Goldsmith 0-0: SINGLE (Groundball, 34D, EV 110.6 MPH)
Stuart Owens to third
Batting: LHB Ozzie Young 0-0: Fly out, F8 (Flyball, 89S, EV 82.5 MPH)
Top of the 6th over - 0 runs, 2 hits, 0 errors, 2 left on base; Oklahoma City 0 - Fort Lee 1
BOTTOM OF THE 6TH
Fort Lee Generals batting - Pitching for Oklahoma City 89'ers : RHP Dan Huckeba
Batting: RHB Karson Gibson 0-0: Called Strike
0-1: Swinging Strike
0-2: Ball
1-2: DOUBLE (Line Drive, 7LM, EV 111.2 MPH)
Batting: LHB Bryant Goody 0-0: Fly out, F8 (Flyball, 8LD, EV 94.4 MPH)
Batting: RHB Trevon Nixon 0-0: Called Strike
0-1: Ball
1-1: Ball
2-1: Ground out 4-3 (Groundball, 4, EV 83.1 MPH)
Karson Gibson to third
Batting: RHB Zane Poe 0-0: Ball
1-0: Called Strike
1-1: Called Strike
1-2: Strikes out swinging
Bottom of the 6th over - 0 runs, 1 hit, 0 errors, 1 left on base; Oklahoma City 0 - Fort Lee 1
TOP OF THE 7TH
Oklahoma City 89'ers batting - Pitching for Fort Lee Generals : LHP Donovan Jansson
Batting: RHB Uriel Guadagnino 0-0: Ground out 4-3 (Groundball, 4, EV 85.6 MPH)
Pinch Hitting: RHB Logan Michalski 0-0: Fly out, F8 (Flyball, 89S, EV 93.1 MPH)
Batting: LHB Neal McDonald 0-0: Ball
1-0: Ball
2-0: Ground out U3 (Groundball, 3, EV 96.9 MPH)
Top of the 7th over - 0 runs, 0 hits, 0 errors, 0 left on base; Oklahoma City 0 - Fort Lee 1
BOTTOM OF THE 7TH
Fort Lee Generals batting - Pitching for Oklahoma City 89'ers : RHP Dan Huckeba
Now in RF: Logan Michalski
Batting: RHB Carleton Trew 0-0: Called Strike
0-1: Ball
1-1: Foul Ball, location: 2F
1-2: Ball
2-2: Strikes out swinging
Batting: RHB Shawn Clark 0-0: Called Strike
0-1: Ball
1-1: Ball
2-1: Swinging Strike
2-2: Ball
3-2: Foul Ball, location: 2F
3-2: Strikes out swinging
Batting: RHB Armstrong Honda 0-0: Called Strike
0-1: Ball
1-1: Foul Ball, location: 2F
1-2: Fly out, F8 (Flyball, 8LD, EV 100.6 MPH)
Bottom of the 7th over - 0 runs, 0 hits, 0 errors, 0 left on base; Oklahoma City 0 - Fort Lee 1
TOP OF THE 8TH
Oklahoma City 89'ers batting - Pitching for Fort Lee Generals : LHP Donovan Jansson
Pitching: RHP Eugene Brown
Batting: RHB Roger D'Andrea 0-0: Ball
1-0: Called Strike
1-1: Called Strike
1-2: Ground out 6-3 (Groundball, 6, EV 90.0 MPH)
Batting: RHB Kyle Bruns 0-0: Ball
1-0: Ground out 5-3 (Groundball, 5, EV 84.4 MPH)
Batting: RHB Quinn Holloway 0-0: Ball
1-0: Foul Ball, location: 2F
1-1: Called Strike
1-2: Ball
2-2: Strikes out swinging
Top of the 8th over - 0 runs, 0 hits, 0 errors, 0 left on base; Oklahoma City 0 - Fort Lee 1
BOTTOM OF THE 8TH
Fort Lee Generals batting - Pitching for Oklahoma City 89'ers : RHP Dan Huckeba
Batting: RHB Abel Kazaz 0-0: Foul Ball, location: 2F
0-1: Ball
1-1: Ball
2-1: Ball
3-1: Fly out, F9 (Line Drive, 9, EV 99.4 MPH)
Batting: LHB Rod Pamungkas 0-0: SOLO HOME RUN (Flyball, 7D, EV 100.0 MPH), Distance : 370 ft
Batting: RHB Karson Gibson 0-0: Ball
1-0: Called Strike
1-1: Foul Ball, location: 2F
1-2: Ball
2-2: Foul Ball, location: 2F
2-2: DOUBLE (Line Drive, 9LM, EV 100.0 MPH)
Batting: LHB Bryant Goody 0-0: Called Strike
0-1: Ball
1-1: Ball
2-1: Fly out, F8 (Flyball, 8LM, EV 80.6 MPH)
Batting: RHB Trevon Nixon 0-0: Ball
1-0: Ground out 4-3 (Groundball, 4, EV 80.0 MPH)
Bottom of the 8th over - 1 run, 2 hits, 0 errors, 1 left on base; Oklahoma City 0 - Fort Lee 2
TOP OF THE 9TH
Oklahoma City 89'ers batting - Pitching for Fort Lee Generals : RHP Eugene Brown
Batting: SHB Stuart Owens 0-0: Called Strike
0-1: Ball
1-1: Ball
2-1: Ball
3-1: Base on Balls
Batting: LHB Alvan Goldsmith 0-0: Ball
1-0: Ball
2-0: SINGLE (Groundball, 4MD, EV 104.4 MPH)
Stuart Owens to second
Batting: LHB Ozzie Young 0-0: Ball
1-0: Bunted foul
1-1: Sac Bunt to 25 - play at third, runner OUT! 5-6
Alvan Goldsmith to second
Pinch Hitting: LHB Adrien Davis 0-0: Swinging Strike
0-1: SINGLE (Groundball, 13S, EV 66.9 MPH) (infield hit)
Alvan Goldsmith to third
Ozzie Young to second
Batting: RHB Logan Michalski 0-0: Ball
1-0: Swinging Strike
1-1: Ball
2-1: Ball
3-1: Foul Ball, location: 2F
3-2: Strikes out swinging
Batting: LHB Neal McDonald 0-0: Ball
1-0: Ball
2-0: Ball
3-0: Base on Balls
Alvan Goldsmith scores
Ozzie Young to third
Adrien Davis to second
Batting: RHB Roger D'Andrea 0-0: Ball
1-0: Swinging Strike
1-1: Ball
2-1: Swinging Strike
2-2: Strikes out swinging
Top of the 9th over - 1 run, 2 hits, 0 errors, 3 left on base; Oklahoma City 1 - Fort Lee 2
Sunday, March 31st , 2024 - OOTP Baseball 23.10 Build 110